 Dungeon Crawl Stone Soup version 0.30.1-11-g7821555f0a (webtiles) character file.

Game seed: 3675630597645003245

58 lonewolfV2 the Trooper (level 3, -1/29 HPs)
             Began as a Demonspawn Fighter on Oct 31, 2023.
             Succumbed to Sigmund's poison
             ... on level 2 of the Dungeon.
             The game lasted 00:02:10 (1140 turns).

lonewolfV2 the Trooper (Demonspawn Fighter)         Turns: 1140, Time: 00:02:11

Health: -1/29      AC:  8    Str: 18    XL:     3   Next: 75%
Magic:  4/4        EV:  9    Int:  9    God:
Gold:   73         SH:  4    Dex: 12    Spells: 2/2 levels left

rFire   . . .        a - +0 war axe
rCold   . . .        c - +0 buckler
rNeg    . . .        b - +0 scale mail
rPois   .            (no helmet)
rElec   .            (no cloak)
rCorr   .            (no gloves)
SInv    .            (no boots)
Will    .....        (no amulet) Stlth
                     (no ring)
HPRegen 0.24/turn    (no ring)
MPRegen 0.09/turn

%: no passive effects
@: mighty, lethally poisoned (-1 -> -5)
A: slimy green scales 1, demonic touch 1
a: no special abilities


You were on level 2 of the Dungeon.
You visited 1 branch of the dungeon, and saw 2 of its levels.

You collected 73 gold pieces.

Inventory:

Hand Weapons
 a - a +0 war axe (weapon)
Armour
 b - a +0 scale mail (worn)
 c - a +0 buckler (worn)
Jewellery
 f - a ring of willpower
Scrolls
 e - 2 scrolls of identify {unknown}
 g - a scroll of vulnerability {unknown}


   Skills:
 + Level 3.4 Fighting
 * Level 2.9 Axes
 - Level 2.6 Armour
 - Level 2.6 Shields
 + Level 2.1 Invocations


You had 2 spell levels left.
You didn't know any spells.
Your spell library was empty.

Dungeon Overview and Level Annotations

Branches:
Dungeon (2/15)

Altars:

Shops:
D:2 :

Annotations:
D:1 1 transporter
D:2 Sigmund


Innate Abilities, Weirdness & Mutations

You are partially covered in slimy green scales. (AC +2)
Your touch may inflict minor irresistible damage on your foes.


Message History

Sigmund hits you with a +1 scythe of venom!
* * * LOW HITPOINT WARNING * * *
You are lethally poisoned!
You feel very mighty all of a sudden.
* * * LOW HITPOINT WARNING * * *
You feel very sick.
It was a potion of curing.
You feel better. Sigmund hits you but does no damage.
You are poisoned.
You barely miss Sigmund.
Sigmund is moderately wounded.
You feel very sick.
Sigmund hits you with a +1 scythe of venom!
* * * LOW HITPOINT WARNING * * *
You are more poisoned.
You feel better.
Sigmund hits you with a +1 scythe of venom!
* * * LOW HITPOINT WARNING * * *
You are lethally poisoned!
You feel better.
You feel better. Sigmund hits you but does no damage.
You are poisoned.
You closely miss Sigmund.
Sigmund is moderately wounded.
You feel very sick. Sigmund gestures at you while chanting.
The magic dart hits you but does no damage.
You hit Sigmund.
Sigmund is moderately wounded.
You feel sick. Sigmund barely misses you.
You closely miss Sigmund.
Sigmund is moderately wounded.
You feel sick. Sigmund casts a spell at you. The magic dart hits you!
* * * LOW HITPOINT WARNING * * *
Sigmund hits you but does no damage.
You closely miss Sigmund.
Sigmund is moderately wounded.
You die...

##..........#
##..>.####+#
## #....#..
..# #.∩..#..
..# ###.##..
..# #.##..#
#..#
#.##...#...#
#.##...@†..#
#.##...@...#
#.#####'####
#.......#
#########


You could see Sigmund.

Vanquished Creatures
  An adder (D:2)
  7 ball pythons
  4 bats
  9 endoplasms
  A giant cockroach (D:1)
  2 goblins (D:1)
  3 hobgoblins
  7 kobolds
  2 quokkas (D:1)
  3 frilled lizards (D:1)
  4 rats
43 creatures vanquished.

Notes
Turn   | Place    | Note
-------+----------+-------------------------------------------
     0 | D:1      | lonewolfV2 the Demonspawn Fighter began the quest for the
                  | Orb.
     0 | D:1      | Reached XP level 1. HP: 18/18 MP: 1/1
   204 | D:1      | Reached skill level 1 in Invocations
   204 | D:1      | Gained mutation: Your touch may inflict minor irresistible
                  | damage on your foes. [demonic ancestry]
   204 | D:1      | Reached XP level 2. HP: 24/24 MP: 2/2
   435 | D:1      | Gained mutation: You are partially covered in slimy green
                  | scales. (AC +2) [demonic ancestry]
   435 | D:1      | Reached XP level 3. HP: 29/29 MP: 4/4
  1104 | D:2      | Found Beuluol's Book Emporium.
  1125 | D:2      | Noticed Sigmund
  1134 | D:2      | HP: 1/29 [Sigmund/+1 scythe of venom (8)]
  1139 | D:2      | HP: 1/29 [Sigmund/magic dart (7)]
  1140 | D:2      | Succumbed to Sigmund's poison

Illustrated notes

Levels and vault maps discovered:
D:1:      spicycebolla_arrival_risky_transporter, layout_loops_cross,
          minmay_statues_item, chequers_decorated_corner, minmay_close_crescents
D:2:      minmay_chambers_of_twos, layout_basic, serial_shops, shop,
          kennysheep_generic_room_8, uniq_sigmund

Skill      XL: |  1  2  3 |
---------------+----------+-----
Axes           | 2 |  2.9
Invocations    | 1 2 |  2.1
Fighting       | |  3.4
Armour         | |  2.6
Shields        | |  2.6

Action                     || total
---------------------------++-------
  Melee: War axe           ||   108
    Use: Potion            ||     5
 Armour: Scale mail        ||    69
  Dodge: Dodged            ||    45
  Block: Buckler           ||    12
